AoeStats
← Armistice

Arena

510780454Analyzed
3v3 RM · 13h ago on Oct 2, 2026· 48m 14s· 6 players
Game mode
Random Map
Map size
Normal (6 player)
Population
200
Speed
Normal
Resources
Standard
Victory
Conquest
Starting age
Dark Age
Ending age
Imperial Age
RankedLock teamsTeams togetherTeam positionsShared explorationLock speedFull tech treeHidden civsTurbo modeCheats
Victory
Defeat
🇮🇳 Armenians · India
939
+13
🇮🇳 Wu · India
938
+13
🇮🇳 Franks · India
937
+14
🇮🇪 Hindustanis · Ireland
884
-14
🇬🇧 Tupi · United Kingdom
883
-13
🇬🇧 Ethiopians · United Kingdom
882
-13
Kissing Stone
3:54 Loom
10:53 Feudal Age
18:46 Castle Age
17:22 Double-Bit Axe
17:29 Horse Collar
18:24 Stone Mining
19:43 Wheelbarrow
18:54 Town Watch
19:26 Forging
21:07 Champi Runner
21:14 Champi Runner
21:57 Scale Mail Armor
22:13 Heavy Plow
22:29 Bow Saw
22:35 Town Watch
22:58 Gold Mining
30:35 Champi Warrior
31:19 Fletching
31:31 Padded Archer Armor
31:52 Murder Holes
31:37 Treadmill Crane
32:18 Ballistics
31:58 Bodkin Arrow
32:40 Iron Casting
36:29 Leather Archer Armor
36:31 Chain Mail Armor
40:45 Imperial Age
38:34 Hand Cart
38:18 Pikeman
39:50 Squires
41:37 Bracer
42:08 Ring Archer Armor
42:09 Plate Mail Armor
41:21 Halberdier
42:39 Elite Ibirapema Warrior
Maigh Nuad Warrior
6:19 Loom
11:29 Feudal Age
12:36 Double-Bit Axe
12:33 Horse Collar
20:02 Castle Age
19:06 Padded Archer Armor
19:07 Scale Mail Armor
19:37 Gold Mining
22:04 Bow Saw
21:58 Heavy Plow
28:03 Stone Mining
30:09 Gold Shaft Mining
30:10 Stone Shaft Mining
30:07 Leather Archer Armor
30:19 Town Watch
31:10 Wheelbarrow
31:02 Grand Trunk Road
32:16 Chain Mail Armor
32:12 Forging
32:21 Fortified Wall
32:32 Ballistics
32:07 Murder Holes
32:55 Town Patrol
33:13 Hand Cart
36:32 Imperial Age
37:00 Iron Casting
36:39 Masonry
37:47 Ring Archer Armor
38:22 Two-Man Saw
38:27 Chemistry
37:34 Siege Engineers
38:12 Shatagni
38:33 Conscription
42:43 Blast Furnace
Armistice
3:34 Loom
11:22 Feudal Age
17:28 Castle Age
16:21 Double-Bit Axe
18:34 Town Watch
20:51 Bow Saw
21:07 Fletching
22:10 Crossbowman
23:13 Horse Collar
30:56 Imperial Age
29:24 Murder Holes
29:48 Padded Archer Armor
29:44 Bodkin Arrow
30:23 Gold Mining
30:27 Stone Mining
31:05 Masonry
31:22 Ballistics
31:46 Wheelbarrow
31:22 Arbalester
33:35 Bracer
33:51 Leather Archer Armor
34:00 Thumb Ring
34:32 Conscription
34:47 Squires
34:12 Capped Ram
34:25 Capped Ram
39:09 Siege Ram
39:30 Halberdier
41:12 Arson
41:42 Scale Mail Armor
41:53 Forging
41:56 Heavy Plow
42:58 Chain Mail Armor
43:15 Ring Archer Armor
43:20 Architecture
44:53 Plate Mail Armor
44:58 Iron Casting
GuptasLegacy
10:19 Feudal Age
11:32 Horse Collar
11:39 Double-Bit Axe
18:26 Castle Age
19:37 Heavy Plow
19:54 Bow Saw
24:40 Gold Mining
28:46 Imperial Age
26:07 Town Watch
26:37 Scale Mail Armor
27:15 Forging
28:27 Wheelbarrow
27:42 Loom
30:08 Chain Mail Armor
30:28 Iron Casting
30:20 Stone Mining
31:37 Plate Mail Armor
31:11 Squires
30:56 Arson
32:18 Two-Man Saw
32:24 Town Patrol
38:38 Gold Shaft Mining
38:40 Stone Shaft Mining
40:37 Blast Furnace
43:39 Conscription
43:25 Sitting Tiger
kundan
10:38 Feudal Age
11:14 Double-Bit Axe
15:55 Castle Age
15:10 Stone Mining
16:57 Wheelbarrow
18:14 Bow Saw
20:37 Hand Cart
23:46 Gold Mining
26:17 Gold Shaft Mining
32:43 Imperial Age
31:41 Scale Barding Armor
31:47 Forging
32:44 Chain Barding Armor
32:28 Husbandry
33:48 Iron Casting
33:29 Chivalry
33:51 Conscription
33:12 Cavalier
34:16 Paladin
35:51 Plate Barding Armor
38:15 Blast Furnace
37:16 Padded Archer Armor
37:07 Fletching
45:56 Cranequins
45:57 Heavy Mounted Crossbowman
48:20 Leather Archer Armor
48:01 Bodkin Arrow
Shanu
11:08 Feudal Age
11:33 Horse Collar
11:42 Double-Bit Axe
14:21 Loom
17:22 Castle Age
19:18 Wheelbarrow
18:29 Town Watch
18:57 Heavy Plow
19:10 Bow Saw
22:39 Gold Mining
25:48 Wheelbarrow
25:53 Town Watch
26:23 Fortified Wall
29:59 Imperial Age
27:47 Squires
27:33 Arson
27:58 Gambesons
27:34 Man-at-Arms
28:58 Scale Mail Armor
29:09 Forging
28:26 Pikeman
29:49 Hand Cart
29:14 Long Swordsman
31:03 Conscription
31:02 Chain Mail Armor
30:35 Two-Handed Swordsman
32:24 Plate Mail Armor
31:33 Capped Ram
32:09 Champion
33:22 Masonry
35:25 Gold Shaft Mining
35:04 Fereters
35:47 Siege Ram
38:24 Halberdier
42:11 Town Patrol
45:58 Iron Casting
Connection lost

Rejoining the realm…

Still unreachable

The connection could not be restored.

Session expired

The server has moved on; the page needs a fresh start.